 Dungeon Crawl Stone Soup version 0.21.0 (webtiles) character file.

44 mortelune the Firebug (level 3, -1/26 HPs)
             Began as a Draconian Fire Elementalist on Jan 6, 2018.
             Slain by an iguana (8 damage)
             ... on level 4 of the Dungeon.
             The game lasted 00:04:40 (2001 turns).

mortelune the Firebug (Draconian Fire Elementalist) Turns: 2001, Time: 00:04:41

Health: -1/26      AC:  5    Str: 10    XL:     3   Next: 39%
Magic:  0/6        EV: 12    Int: 16    God:
Gold:   24         SH:  0    Dex: 11    Spells: 0/6 levels left

rFire    . . .     SeeInvis .   g - -1 short sword (curse)
rCold    . . .     Gourm    .   (no shield)
rNeg     . . .     Faith    .   (armour unavailable)
rPois    .         Spirit   .   (helmet restricted)
rElec    .         Reflect  .   (no cloak)
rCorr    .         Harm     .   (no gloves)
MR       .....                  (no boots)
Stlth    ++........             (no amulet)
HPRegen  0.08/turn              (no ring)
MPRegen  0.10/turn              (no ring)

@: no status effects
A: unfitting armour, cold-blooded, AC +5
a: no special abilities


You were on level 4 of the Dungeon.
You were not hungry.

You visited 1 branch of the dungeon, and saw 3 of its levels.

You collected 24 gold pieces.

Inventory:

Hand Weapons
 g - a cursed -1 short sword (weapon)
Scrolls
 c - 2 scrolls of identify {unknown}
 e - a scroll of remove curse {unknown}
Potions
 f - a potion of agility {unknown}
Books
 a - a book of Flames

   Spells                             Type                      Level
   a - Flame Tongue                   Conjuration/Fire             1
   b - Throw Flame                    Conjuration/Fire             2
   c - Conjure Flame                  Conjuration/Fire             3
   d - Inner Flame                    Hexes/Fire                   3
   e - Sticky Flame                   Conjuration/Fire             4
   f - Fireball                       Conjuration/Fire             5
Comestibles
 b - a ration
 d - 2 chunks of flesh


   Skills:
 - Level 1.7 Dodging
 - Level 1.7 Stealth
 + Level 2.4 Spellcasting
 * Level 2.5 Conjurations
 + Level 3.4 Fire Magic


You couldn't memorise any spells.
You knew the following spells:

 Your Spells              Type           Power        Failure   Level  Hunger
a - Flame Tongue          Conj/Fire      ##...        6%          1    #......
b - Throw Flame           Conj/Fire      ##....       9%          2    ###....
c - Conjure Flame         Conj/Fire      ##......     19%         3    ###....


Dungeon Overview and Level Annotations

Branches:
Dungeon (2/15)

Altars:

Annotations:
D:4 1 transporter


Innate Abilities, Weirdness & Mutations

Your plain brown scales are hard. (AC +5)
You cannot fit into any form of body armour.
You are cold-blooded and may be slowed by cold attacks.


Message History

The quokka closely misses you. x2; The iguana bites you.
Casting: Flame Tongue
Confirm with . or Enter, or press ? or * to list all spells.
Aiming: Flame Tongue
Press: ? - help, Shift-Dir - straight line, f/p - iguana
Aim: an iguana (heavily wounded)
The flame tongue hits the iguana.
The iguana appears unharmed.
The iguana is heavily wounded.
The quokka bites you but does no damage.
The iguana bites you!
* * * LOW HITPOINT WARNING * * *
Casting: Flame Tongue
Confirm with . or Enter, or press ? or * to list all spells.
Aiming: Flame Tongue
Press: ? - help, Shift-Dir - straight line, f/p - iguana
Aim: an iguana (heavily wounded)
The flame tongue hits the iguana.
The iguana is severely wounded.
The quokka closely misses you. The iguana bites you!
You die...

#. #. #. #.
#.## #..#
##.###..#
.......@######.
......r.l......
##.####.#######
... #####
o..#≈8#
≈≈≈≈#.P#.
≈≈≈?.#.$#..
.≈⌠≈..+)©#©..


You could see an iguana and a quokka.

Vanquished Creatures
  2 adders (D:2)
  A dart slug (D:1)
  2 leopard geckos (D:1)
  A giant cockroach (D:1)
  A goblin (D:1)
  3 hobgoblins
  2 jackals (D:1)
  A bat (D:1)
  4 frilled lizards (D:1)
  A kobold (D:1)
  6 rats (D:1)
24 creatures vanquished.

Notes
Turn   | Place    | Note
-------+----------+-------------------------------------------
     0 | D:1      | mortelune the Draconian Fire Elementalist began the quest for the Orb.
     0 | D:1      | Reached XP level 1. HP: 14/14 MP: 3/3
   592 | D:1      | Reached XP level 2. HP: 18/20 MP: 0/5
   596 | D:1      | Learned a level 2 spell: Throw Flame
  1794 | D:2      | Reached XP level 3. HP: 26/26 MP: 2/6
  1799 | D:2      | Learned a level 3 spell: Conjure Flame
  1994 | D:2      | You fall through a shaft for 2 floors!
  1994 | D:4      | Found a transporter.
  2001 | D:4      | Slain by an iguana

Skill      XL: |  1  2 |
---------------+-------+-----
Conjurations   | 2 |  2.5
Dodging        | |  1.7
Stealth        | |  1.7
Spellcasting   | |  2.4
Fire Magic     | |  3.4

Action                   || total
-------------------------++-------
Melee: Unarmed           ||     9
 Cast: Flame Tongue      ||    42
       Throw Flame       ||     7
  Eat: Chunk             ||     4
Armor: Skin              ||     5
Dodge: Dodged            ||    21
